 Dungeon Crawl Stone Soup version 0.31-a0-986-g5e6e4ef867 (console) character file.

Game seed: 13297635640023076912

11 petzl the Sneak (level 2, -4/24 HPs)
             Began as a Formicid Delver on Nov 16, 2023.
             Slain by an iguana (13 damage)
             ... on level 4 of the Dungeon.
             The game lasted 00:03:26 (435 turns).

petzl the Sneak (Formicid Delver)                    Turns: 435, Time: 00:03:26

Health: -4/24      AC:  3    Str: 16    XL:     2   Next: 35%
Magic:  4/4        EV: 12    Int:  9    God:
Gold:   11         SH:  0    Dex: 15    Spells: 4/4 levels left

rFire   . . .        a - +0 mace
rCold   . . .        (no shield)
rNeg    . . .        b - +0 leather armour
rPois   .            (helmet unavailable)
rElec   .            (no cloak)
rCorr   .            (no gloves)
SInv    +            (no boots)
Will    .....        (no amulet)
Stlth   +++          (no ring)
HPRegen 0.24/turn    (no ring)
MPRegen 0.09/turn

%: no passive effects
@: no status effects
A: permanent stasis, dig shafts and tunnels, antennae 3, four strong arms
a: Dig, Shaft Self


You were on level 4 of the Dungeon.
You visited 1 branch of the dungeon, and saw 3 of its levels.

You collected 11 gold pieces.

Inventory:

Hand Weapons
 a - a +0 mace (weapon)
Armour
 b - a +0 leather armour (worn)
Jewellery
 g - a ring of fire
Wands
 f - a wand of digging (3)
 l - a wand of roots (7)
Scrolls
 c - a scroll of fog
 d - 2 scrolls of revelation
 e - a scroll of fear
 h - a scroll of blinking {unknown}
 m - a scroll of enchant weapon {unknown}
 n - a scroll of brand weapon {unknown}
 o - 3 scrolls of amnesia {unknown}
Potions
 i - a potion of mutation {unknown}
 j - a potion of degeneration {unknown}
 k - 2 potions of curing {unknown}


   Skills:
 - Level 3.2 Fighting
 - Level 2.0 Maces & Flails
 - Level 1.7 Dodging
 - Level 6.0 Stealth
 + Level 1.8 Spellcasting


You had 4 spell levels left.
You didn't know any spells.
Your spell library was empty.

Dungeon Overview and Level Annotations

Branches:
Dungeon (6/15)
 Temple: D:4-7

Altars:

Portals:
Ossuary: D:4

Annotations:
D:4 Sigmund


Innate Abilities, Weirdness & Mutations

You cannot be hasted, slowed, berserked, paralysed or teleported.
You can dig through walls and to a lower floor.
You have a pair of large antennae on your head. (SInv)
Your four strong arms can wield two-handed weapons with a shield.


Message History

You hit the goblin.
The goblin is almost dead.
The goblin misses you.
You hit the goblin.
You kill the goblin!
You hit the iguana but do no damage. The iguana bites you!
The iguana barely misses you.
You hit the iguana.
The iguana is moderately wounded.
The iguana barely misses you.
A goblin comes into view. It is wielding a +0 dagger.
You hit the iguana but do no damage.
The iguana is moderately wounded.
The iguana closely misses you.
You barely miss the iguana.
The iguana is moderately wounded.
The iguana bites you.
The iguana bites you but does no damage.
You completely miss the iguana.
The iguana is lightly wounded.
The iguana closely misses you.
You barely miss the iguana.
The iguana is lightly wounded.
The iguana bites you!
* * * LOW HITPOINT WARNING * * *
Aiming: Fastroot
Press: ? - help, Shift-Dir - straight line
Okay, then.
Unknown command.
Aiming: Fastroot
Press: ? - help, Shift-Dir - straight line, f - giant cockroach
Aim: a giant cockroach The roots erupt in riotous growth!
Roots grab the giant cockroach.
Roots grab the iguana.
The grasping roots constrict the iguana.
The grasping roots constrict the giant cockroach.
You hear a shout! x2
The giant cockroach escapes!
The iguana bites you!
Ouch! That really hurt!
You die...

#.# ## ###### #.# { .# #....####### #.#
{ .### #.##.......#########.# {
8..####### #.................##.#{ {{
.........# #.................##.# ,{.g
.........# #....#.#.@B.).....##.###g...
.........###.##.#.#.#l#.#######......#
##................[.....{g)............
.#.......###.##.#.#.#.#.####...###...#.
.#†......###.##.#.....#.#......# ..#
.#..####......#.###.###.#.....## .#
.#...# #......#.........#...... ..
.#...# #......#####.#########.## .
.....# #......+ #.. >...## #......# ...
....# ######## .... ....# ....# ...##
.#.# ##.# .... #. #


You could see an iguana (rooted) and a giant cockroach.

Vanquished Creatures
  A dart slug (D:4)
  A giant cockroach (D:4)
  3 goblins (D:4)
  A hobgoblin (D:4)
  A quokka (D:4)
7 creatures vanquished.

Notes
Turn   | Place    | Note
-------+----------+-------------------------------------------
     0 | D:5      | petzl the Formicid Delver began the quest for the Orb.
     0 | D:5      | Reached XP level 1. HP: 18/18 MP: 1/1
   178 | D:4      | Found a sand-covered staircase.
   240 | D:4      | Reached skill level 1 in Spellcasting
   314 | D:4      | Noticed Sigmund
   392 | D:4      | Reached XP level 2. HP: 24/24 MP: 2/4
   435 | D:4      | Slain by an iguana

Illustrated notes

Levels and vault maps discovered:
D:4:      layout_basic, minmay_temple_entry_statues,
          nicolae_ossuary_entry_monument, uniq_grinder, uniq_sigmund, uniq_robin
D:5:      layout_rooms, grunt_temple_overflow_lords_of_destruction, st_stairs_5,
          minmay_manual_mullet
D:6:      layout_rooms, marbit_many_paths, gammafunk_temple_overflow_pools,
          hangedman_decor_peaks_small, st_stairs_4, uniq_duvessa

Skill      XL: |  1 |
---------------+----+-----
Spellcasting   | 1 |  1.8
Fighting       | |  3.2
Maces & Flails | |  2.0
Dodging        | |  1.7
Stealth        | |  6.0

Action                     || total
---------------------------++-------
  Melee: Mace              ||    19
  Evoke: Wand              ||     1
 Armour: Leather armour    ||    11
  Dodge: Dodged            ||    11

Table legend: (Time is in decaauts)
 A = Elapsed time spent in this place.
 B = Non-inter-level travel time spent in this place.
 C = Inter-level travel time spent in this place.
 D = Time resting spent in this place.
 E = Time spent auto-exploring this place.
 F = Levels seen in this place.
 G = Mean time per level.
                   A        B        C        D        E       F      G
               +--------+--------+--------+--------+--------+-----+--------+
         Total |    439 |    439 |      0 |      0 |      0 |   3 |  146.3 |
       Dungeon |    439 |    439 |      0 |      0 |      0 |   3 |  146.3 |
               +--------+--------+--------+--------+--------+-----+--------+

Top non-repeatable levels by time:
     D:4: 268 daAuts
     D:5: 161 daAuts
     D:6: 9 daAuts
